[Event "31st MPL National U18G Chess-ch 2022"]
[Site "Pollachi"]
[Date "2022.04.18"]
[Round "1.1"]
[White "Jyothsna L"]
[Black "Serah Jo Sam"]
[Result "1-0"]
[ECO "A00"]
[WhiteElo "2052"]
[BlackElo "1203"]
[Annotator "TA"]
[PlyCount "89"]
[EventDate "2022.04.18"]
[EventCountry "IND"]
[SourceTitle "playchess.com"]
[Source "ChessBase"]
[SourceQuality "1"]
[TimeControl "5400+30"]

1. b4 Nf6 2. Bb2 e6 3. a3 Be7 4. e3 d5 5. Nf3 O-O 6. d4 {[%emt 0:01:57] A00: Irregular Openings.} b6 7. Nbd2 Bb7 8. Bd3 {[%emt 0:07:24] The position is equal.} Nbd7 {[%emt 0:00:33] [#]} 9. b5 $146 ({Predecessor:} 9. O-O c5 10. c4 cxb4 11. axb4 Bxb4 12. Ba3 Bxa3 13. Rxa3 Qe7 14. Ra1 dxc4 15. Bxc4 {0-1 (46) Andrade Sandoval,M (1291)-Dominguez Coig,A (1684) Collado Villalba 2015}) 9... Ne4 10. c4 Rc8 11. cxd5 exd5 12. O-O f5 13. Ne5 Nxe5 14. dxe5 Bc5 15. Nb3 Qg5 16. Nd4 {[%emt 0:05:23] Black must now prevent Ne6.} Bxd4 17. Bxd4 Nc5 18. f4 Qg6 19. a4 Ne6 (19... Nxd3 $142 20. Qxd3 c6) 20. Rc1 h6 21. Qd2 Kh8 22. Kh1 Qf7 23. Qe2 (23. a5 $142) 23... h5 24. Rf3 {[%emt 0:01:42] [#] Threatens to win with Rh3. &Bianco is more active.} g6 25. Rh3 ({Better is} 25. Ra1 $16) 25... Kg7 26. Rg3 {[%emt 0:00:36] Qxh5 is the strong threat.} Rh8 27. Rf3 Qe7 28. Qb2 (28. Ra1 $16) 28... c5 $14 29. bxc6 $1 Rxc6 30. Ra1 Rhc8 31. h3 Qc7 32. Rff1 {[%emt 0:00:32] Inhibits Rc1.} Kh7 33. Rg1 Qe7 34. a5 Nxd4 35. Qxd4 Qc5 36. axb6 Qxd4 37. exd4 Rc3 $2 {[%emt 0:01:04][%mdl 8192] [#] Black cannot hold the game after this.} (37... Rxb6 $16 38. Rxa7 Rc3) 38. Rxa7 $1 $18 Rxd3 (38... Rb8 39. Ba6) 39. Rxb7+ {[%emt 0:00:01][%mdl 4096] Endgame KRR-KRR} Kg8 40. Rb1 Rxd4 41. Ra7 Rb8 42. b7 {[%emt 0:00:10] White wants to mate with Ra8.} Kh7 43. Ra8 Rxb7 44. Rxb7+ Kh6 45. Rh8# {[%emt 0:00:07] Weighted Error Value: White=0.15 (very precise) /Black=0.55} 1-0

[Event "31st MPL National U18G Chess-ch 2022"]
[Site "Pollachi"]
[Date "2022.04.18"]
[Round "1.2"]
[White "Sugirtha S"]
[Black "Bhagyashree Patil"]
[Result "0-1"]
[ECO "D35"]
[WhiteElo "1065"]
[BlackElo "1974"]
[Annotator "TA"]
[PlyCount "136"]
[EventDate "2022.04.18"]
[EventCountry "IND"]
[SourceTitle "playchess.com"]
[Source "ChessBase"]
[SourceQuality "1"]
[TimeControl "5400+30"]

1. d4 d5 2. c4 e6 3. Nc3 Nf6 4. Bf4 Bd6 5. Bg3 b6 6. Nf3 {[%emt 0:00:59] D35: Queen's Gambit Declined: Exchange Variation.} O-O 7. e3 Bb7 8. Be2 {[%emt 0:00:32] The position is equal. 8.Rc1 gains popularity.} Nbd7 9. O-O {[%emt 0:00:14] [#]} Qe7 $146 ({Predecessor:} 9... Bxg3 10. hxg3 c5 11. cxd5 Nxd5 12. Rc1 Nxc3 13. Rxc3 Qe7 14. Qc2 a5 15. Rd1 Rac8 {1-0 (85) Nguyen,N (2641)-Bu,X (2705) Chess.com INT 2020}) 10. a3 c5 11. Rc1 Rac8 (11... Bxg3 $142 12. hxg3 dxc4) 12. Nb1 (12. Bxd6 $11 Qxd6 13. cxd5) 12... Rfd8 13. Nbd2 cxd4 14. Nxd4 Nc5 15. cxd5 Nxd5 16. b4 {[%emt 0:03:12] [#] And now Bxd6 would win.} Nd7 17. Qb3 Bxg3 18. hxg3 Ne5 19. Nc4 Nxc4 20. Bxc4 a6 21. Bxd5 Bxd5 22. Qb2 e5 {[%emt 0:00:00] Threatens to win with ...Rxc1.} 23. Nf3 f6 24. Rxc8 Rxc8 25. Rc1 {[%emt 0:00:30] Prevents Qc7.} Rxc1+ 26. Qxc1 Qb7 {[%emt 0:00:00] Prevents Qc8+.} 27. Ne1 a5 28. f3 axb4 29. axb4 b5 30. Qd2 Bc4 31. Kf2 h6 32. Nc2 Qa7 33. Ne1 Qa1 34. g4 Qb1 35. Kg1 e4 36. Kf2 Kh7 37. Kg3 Kg6 38. Kf4 Bd3 39. Kg3 Kf7 40. Kf2 Ke6 41. Nxd3 Qxd3 (41... exd3 $5 42. e4 Qb3 $11) 42. Qxd3 exd3 $11 {[%emt 0:00:00][%mdl 4096] Endgame KP-KP} 43. e4 $1 {[%emt 0:00:07] Black must now prevent Ke3.} ({Not} 43. Ke1 $2 Kd5 44. Kd2 Kc4 $19) 43... Ke5 $2 (43... d2 $11 44. Ke2 Ke5) 44. Ke3 $18 d2 45. Kxd2 $2 (45. f4+ $18 Ke6 46. Kxd2) 45... Kd4 $11 46. g3 Kc4 (46... g6 $5) 47. Kc2 $2 {[%emt 0:02:00][%mdl 8192] [#] White is on the road to losing.} (47. Ke3 $11) 47... Kxb4 {[%emt 0:05:30] ( -> ...Kc4)} 48. Kb2 Kc4 {[%emt 0:00:00] Black mates.} 49. Ka3 Kd4 50. Kb4 Ke3 51. f4 Kxe4 52. Kxb5 {[%emt 0:00:06] K3P-K3P} Kf3 53. g5 Kxg3 54. gxf6 gxf6 {[%emt 0:00:00] KPP-KP} 55. f5 h5 56. Kc6 Kf4 57. Kd6 Kxf5 {[%emt 0:00:00] KP-KP} 58. Ke7 h4 59. Kf7 h3 60. Ke7 h2 61. Kd7 h1=Q 62. Kd6 Qe4 63. Kc5 Ke6 64. Kb6 Qc4 65. Kb7 Kd6 66. Kb6 Qb3+ 67. Ka7 Kc7 68. Ka8 Qa4# {[%emt 0:00:00] Weighted Error Value: White=0.34/Black=0.06 (flawless)} 0-1

[Event "31st MPL National U18G Chess-ch 2022"]
[Site "Pollachi"]
[Date "2022.04.18"]
[Round "1.3"]
[White "Kheerthi Ganta"]
[Black "Nafeena Sameer"]
[Result "1-0"]
[ECO "D11"]
[WhiteElo "2011"]
[BlackElo "1184"]
[Annotator "TA"]
[PlyCount "67"]
[EventDate "2022.04.18"]
[EventCountry "IND"]
[SourceTitle "playchess.com"]
[Source "ChessBase"]
[SourceQuality "1"]
[TimeControl "5400+30"]

1. d4 d5 2. c4 c6 3. Nf3 Bf5 4. cxd5 cxd5 5. Nc3 e6 6. e3 {[%emt 0:00:53] D11: Slav Defence: 3 Nf3 sidelines and 3...Nf6 4 e3 Bg4.} (6. Qb3 $14) 6... a6 7. Ne5 {[%emt 0:02:40] [#]} Bd6 $146 ({Predecessor:} 7... Nd7 8. Nf3 Ngf6 9. a3 Bd6 10. Bd3 Ne4 11. Qc2 Rc8 12. Bd2 O-O 13. Qb1 Nxc3 14. Bxc3 Bxd3 15. Qxd3 {1-0 (37) Bjorkly,S (1368)-Mrachek,S (1628) Baerum 2019}) 8. Qa4+ {[%emt 0:01:27] The position is equal.} Nd7 9. Nxd7 {[%emt 0:02:08] Threatens to win with Nb6+.} Qxd7 {[%emt 0:01:36][%mdl 8192] [#] A mistake that costs the game.} (9... b5 $15 {stays ahead.} 10. Qd1 Qxd7) 10. Bb5 $1 $18 axb5 11. Qxa8+ Ke7 12. a4 Bb4 (12... bxa4 {keeps fighting.} 13. Nxa4 Bb4+ 14. Nc3 Bd3) 13. Bd2 Bd3 14. axb5 (14. Nxd5+ Qxd5 15. Bxb4+ Kf6 $18) 14... Bxb5 15. Nxb5 ({Don't do} 15. Nxd5+ Qxd5 16. Bxb4+ Kf6 $18) 15... Bxd2+ 16. Kxd2 Qxb5 17. Qa3+ Kd7 18. Rhc1 {[%emt 0:00:43] [#] Hoping for Qf8.} Nf6 (18... Ne7 {is a better defense.} 19. Rc5 Qb6) 19. f3 Ne8 20. Rc5 Qb6 21. Rac1 Nd6 {[%emt 0:02:14] Prevents e4.} 22. b3 {[%emt 0:03:38] Against Nc4+} Rc8 $2 (22... Rd8 23. g4 Ke7) 23. Qa4+ $2 (23. Rxc8 {Black must now prevent Qa4+.} Nxc8 24. Qa4+ Ke7 25. Rxc8) 23... Kd8 $2 (23... Rc6 24. Ra5 h5) 24. Rxc8+ Nxc8 {[%emt 0:00:19][%mdl 4096] Endgame KQR-KQN} 25. Qa8 Qb4+ 26. Rc3 Ke7 27. Qxc8 f6 28. Kc2 {[%emt 0:01:01] White mates.} Kf7 29. Rc7+ Kg6 30. Qxe6 Qe1 31. Qg4+ Kh6 32. Qxg7+ Kh5 33. Qxh7+ Kg5 34. Rg7# {[%emt 0:00:06] Weighted Error Value: White=0.53/Black=0.86} 1-0

[Event "31st MPL National U18G Chess-ch 2022"]
[Site "Pollachi"]
[Date "2022.04.18"]
[Round "1.4"]
[White "Nafila A"]
[Black "Rindhiya V"]
[Result "0-1"]
[ECO "C54"]
[WhiteElo "1142"]
[BlackElo "1949"]
[Annotator "TA"]
[PlyCount "72"]
[EventDate "2022.04.18"]
[EventCountry "IND"]
[SourceTitle "playchess.com"]
[Source "ChessBase"]
[SourceQuality "1"]
[TimeControl "5400+30"]

1. e4 e5 2. Nf3 Nc6 3. Bc4 Bc5 4. c3 Nf6 5. d4 exd4 6. e5 d5 7. Bb5 Ne4 8. cxd4 Bb4+ 9. Bd2 Be7 {[%emt 0:00:30] C54: Giuoco Piano: 4 c3 Nf6, main lines with 5 d4 and 5 d3.} 10. O-O O-O 11. h3 f6 {[%emt 0:00:30] White has an edge.} 12. Nc3 {[%emt 0:00:30] [#]} a6 $146 ({Predecessor:} 12... Be6 13. Rc1 Kh8 14. Bxc6 bxc6 15. Qe2 f5 16. Na4 Qe8 17. Nc5 Bxc5 18. dxc5 Bf7 {1-0 (55) Webb,L (2325)-Swati,G (2299) Edinburgh 2003}) 13. Ba4 Be6 14. Re1 f5 15. Rc1 Nb4 16. Qe2 {[%emt 0:00:30] Inhibits Nd3.} c5 17. a3 (17. Nxe4 $2 fxe4 18. Nh2 (18. Bxb4 $2 exf3 19. Qd3 cxb4 $19) 18... cxd4 $19) 17... Nc6 18. Be3 (18. Nxe4 $2 fxe4 19. Ng5 (19. Bxc6 $2 exf3 20. Qf1 bxc6 $19) 19... Bxg5 $19) (18. Bxc6 $14 {stays ahead.} bxc6 19. dxc5) 18... f4 {[%emt 0:00:30] &Nero is more active.} 19. Bd2 Ng5 20. dxc5 ({White should play} 20. Bxc6 $11 bxc6 21. dxc5) 20... Nxf3+ $15 21. Qxf3 {[%emt 0:00:30] Hoping for Bxc6.} Nd4 22. Qd3 Bxc5 23. Kh2 $2 {[%emt 0:00:30] This costs White the game.} (23. Ne2 $17 Bf5 24. Nxd4 (24. Qc3 Nxe2+ 25. Rxe2 Rc8 $17) 24... Bxd3 25. Rxc5) 23... Ba7 24. f3 Qh4 $1 {[%emt 0:00:30][%cal Oe6h3] ( -> ...Bxh3!)} 25. Ne2 $2 {[%emt 0:00:30] [#]} (25. Kh1 Bxh3 $1 26. Bxf4 Rxf4 27. Re3 Bf5+ 28. Kg1 Nxf3+ $1 29. gxf3 Qg3+ 30. Kf1 Bxd3+ 31. Ne2 Rxf3+ 32. Rxf3 Qg1#) (25. Qf1 $19) 25... Bxh3 $1 {[%emt 0:00:30][%mdl 512] Black mates.} 26. gxh3 Qf2+ 27. Kh1 Nxf3 28. Qxd5+ Kh8 29. Qxf3 Qxf3+ 30. Kh2 Qf2+ 31. Kh1 f3 32. Rg1 Qxe2 33. Bc3 Bxg1 34. Rxg1 f2 35. Rxg7 f1=Q+ 36. Rg1 Qeg2# {[%emt 0:00:30] Weighted Error Value: White=0.43/Black=0.08 (flawless)} 0-1

[Event "31st MPL National U18G Chess-ch 2022"]
[Site "Pollachi"]
[Date "2022.04.18"]
[Round "1.5"]
[White "Shreshtha Surai"]
[Black "Shanmathi Sree S"]
[Result "1/2-1/2"]
[ECO "B13"]
[WhiteElo "1583"]
[BlackElo "1109"]
[Annotator "NA RC"]
[PlyCount "91"]
[EventDate "2022.04.18"]
[EventCountry "IND"]
[SourceTitle "playchess.com"]
[Source "ChessBase"]
[SourceQuality "1"]
[TimeControl "5400+30"]

1. e4 c6 2. d4 d5 3. exd5 cxd5 4. Bd3 Nc6 5. c3 Nf6 6. Bf4 a6 7. Nd2 e6 8. Ngf3 Be7 9. O-O O-O 10. Re1 Bd7 11. Ne5 Rc8 12. Ndf3 Ne8 13. h3 f5 14. Nxd7 Qxd7 15. Qe2 Nd8 16. Ne5 Qa4 17. Bc2 Qa5 18. a4 Nf6 19. f3 Qb6 20. Bd3 Bd6 21. Qf2 a5 22. Re2 Rc7 23. Kh1 Nh5 24. Bh2 g6 25. c4 Bxe5 26. Bxe5 Rcf7 27. c5 Qb3 28. Ra3 Qb4 29. Bb5 Nc6 30. Bxc6 bxc6 31. Rae3 f4 32. Ra3 Ng3+ 33. Kh2 Nxe2 34. Qxe2 Rb7 35. Bd6 Re8 36. Qa6 Rc8 37. Qe2 Re8 38. Qa6 Rc8 39. Qe2 Kf7 40. Qe5 Qxb2 41. Qxf4+ Kg8 42. Re3 Rf7 43. Qg4 Re8 44. Rxe6 Rxe6 45. Qxe6 Qb7 46. Qxg6+ 1/2-1/2

[Event "31st MPL National U18G Chess-ch 2022"]
[Site "Pollachi"]
[Date "2022.04.18"]
[Round "1.6"]
[White "Sakthi Vaishnavi A K"]
[Black "Rebecca Jesumarian"]
[Result "0-1"]
[ECO "B52"]
[WhiteElo "1009"]
[BlackElo "1814"]
[Annotator "NA RC"]
[PlyCount "104"]
[EventDate "2022.04.18"]
[EventCountry "IND"]
[SourceTitle "playchess.com"]
[Source "ChessBase"]
[SourceQuality "1"]
[TimeControl "5400+30"]

1. e4 c5 2. Nf3 d6 3. Bb5+ Bd7 4. Bxd7+ Qxd7 5. O-O Nc6 6. c3 Nf6 7. Re1 e6 8. d4 cxd4 9. cxd4 d5 10. e5 Ne4 11. a3 Na5 12. Nbd2 Nxd2 13. Bxd2 Nc4 14. Bc3 Be7 15. Nd2 Rc8 16. Nxc4 Rxc4 17. Rc1 O-O 18. Qd2 Rfc8 19. Qe3 Qb5 20. Rc2 Qb3 21. Rec1 (21. Rd2 $142) 21... b5 22. h3 h6 23. Re2 {[%emt 0:00:00] [#]} Bxa3 $1 24. Ra1 Ra4 25. Rc1 {[%emt 0:05:47] [#]} Bf8 $1 26. Bd2 Qxe3 ({Wrong is} 26... Rxc1+ $2 27. Bxc1 Qd1+ 28. Re1 Qxd4 29. Qxd4 Rxd4 30. Be3 $19) 27. fxe3 Rxc1+ 28. Bxc1 Rc4 29. Re1 Rc2 30. Rd1 a5 31. Bd2 b4 32. Be1 (32. b3 $142 a4 33. bxa4) 32... a4 33. Ra1 a3 34. bxa3 b3 35. Kf1 b2 36. Rb1 Bxa3 37. Rxb2 $19 Bxb2 38. Bf2 Kf8 39. Bg3 Ke8 40. h4 Kd7 41. Bf4 Bc1 42. g4 Kc6 43. g5 hxg5 44. Bxg5 Kb5 45. h5 Kc4 46. h6 gxh6 47. Bxh6 Kd3 48. Bf4 Bxe3 49. Bxe3 Kxe3 50. Kg1 Kf3 51. Kh1 Kg3 52. Kg1 Rc1# 0-1

[Event "31st MPL National U18G Chess-ch 2022"]
[Site "Pollachi"]
[Date "2022.04.18"]
[Round "1.7"]
[White "Sasvatha A"]
[Black "Shri Shivani G"]
[Result "1/2-1/2"]
[ECO "D02"]
[WhiteElo "1756"]
[BlackElo "1117"]
[Annotator "NA RC"]
[PlyCount "102"]
[EventDate "2022.04.18"]
[EventCountry "IND"]
[SourceTitle "playchess.com"]
[Source "ChessBase"]
[SourceQuality "1"]
[TimeControl "5400+30"]

1. d4 d5 2. Nf3 Nf6 3. c3 e6 4. Bf4 c5 5. e3 Nc6 6. Be2 Bd6 7. Bxd6 Qxd6 8. O-O O-O 9. Nbd2 b6 10. Bb5 Bb7 11. Bxc6 Bxc6 12. Ne5 Nd7 13. Nxd7 Qxd7 14. f4 Bb5 15. Rf3 Bd3 16. a4 Rac8 17. Rh3 f6 18. Rg3 Qc7 19. Qg4 Bf5 20. Qf3 Qd6 21. Qf2 e5 22. dxe5 fxe5 23. Rf3 Be4 24. fxe5 Qxe5 25. Rf4 g5 26. Rxf8+ Rxf8 27. Qe2 Re8 28. Re1 Bg6 29. Nf3 Qe7 30. Qd2 Be4 31. Re2 Qf6 32. Rf2 Qe7 33. Qe2 Bg6 34. Qd1 Be4 35. Ne1 Qe5 36. Qd2 Bg6 37. Nf3 Qf5 38. Rf1 Bf7 39. e4 dxe4 40. Nxg5 e3 41. Qe2 Qxg5 42. h3 Rd8 43. Qf3 Bd5 44. Qe2 Be4 45. Qc4+ Qd5 46. Qe2 Qd2 47. Qg4+ Bg6 48. Qe6+ Kg7 49. Qe7+ Kg8 50. Qe6+ Kg7 51. Qe7+ Kg8 1/2-1/2

[Event "31st MPL National U18G Chess-ch 2022"]
[Site "Pollachi"]
[Date "2022.04.18"]
[Round "2.1"]
[White "Saniya Rafique Tadavi"]
[Black "Jyothsna L"]
[Result "0-1"]
[ECO "B00"]
[WhiteElo "1298"]
[BlackElo "2052"]
[Annotator "TA"]
[PlyCount "58"]
[EventDate "2022.04.18"]
[EventCountry "IND"]
[SourceTitle "playchess.com"]
[Source "ChessBase"]
[SourceQuality "1"]
[TimeControl "5400+30"]

1. e4 e6 2. d4 b6 3. Nc3 Bb7 4. Nf3 Bb4 5. Bd3 Nf6 6. Qe2 d5 7. e5 {[%emt 0:02:26] B00: Queen's Fianchetto Defence, Nimzowitsch Defence.} (7. exd5 $14 Nxd5 8. Bd2) 7... Nfd7 (7... Ne4 $1 $11 8. Bd2 (8. Bxe4 $2 dxe4 9. Ng5 Qxd4 $17) 8... Nxd2 9. Qxd2 O-O) 8. a3 ({White should play} 8. Ng5 $14) 8... Be7 $11 {[%emt 0:02:46] [#]} 9. h4 $146 {[%emt 0:05:49] The position is equal.} ({Predecessor:} 9. Nd1 c5 10. c3 Nc6 11. O-O Qc7 12. b4 O-O 13. Bf4 Rfc8 14. Ne3 a6 15. Bg3 cxd4 16. cxd4 {1-0 (29) Postupa,P (1944)-Jirousek,T (1737) Ricany 2018}) 9... h6 {[%emt 0:17:45] Inhibits Ng5.} (9... c5 $142 $1) 10. Nd1 c5 11. c3 Qc8 12. g4 Ba6 13. g5 Bxd3 14. Qxd3 hxg5 15. Bxg5 Qa6 16. Qd2 {[%emt 0:00:34] [#] Strongly threatening Bxe7.} Nc6 17. h5 (17. Bxe7 $11 {remains equal.} Nxe7 18. Ne3) 17... O-O-O (17... cxd4 $17 18. cxd4 Bxg5 19. Nxg5 Rc8) 18. Rb1 (18. Bxe7 $11 Nxe7 19. Ne3) 18... f6 $17 19. exf6 gxf6 $40 {[%emt 0:01:17][%mdl 128] Black has some attack.} (19... Bxf6 20. b4 $11) 20. Bh6 (20. Be3 $1 $15) 20... Rdg8 {[%emt 0:02:40][%cal Oh8h6] aiming for ...Rxh6!} 21. Nh4 $2 {[%emt 0:11:52][%mdl 8192] White does not recover from this.} (21. Be3 $17 {is tougher.}) 21... Bf8 22. Bxf8 Rxh5 ({Not} 22... Rxf8 23. Ng6 $16) (22... Nxf8 23. Nf3 $15) 23. Qf4 Rxf8 24. Rg1 $2 (24. Qd6 Na5 25. Ne3) 24... e5 $19 {[%emt 0:03:09] Black is clearly winning.} 25. dxe5 Ncxe5 {[%emt 0:00:35] ...Nd3+ is the strong threat.} 26. Kd2 {[%emt 0:03:46] [#]} Rxh4 $1 27. Qf5 {[%emt 0:00:12] Against Qd3+} (27. Qg3 Rg4) 27... Re4 {[%emt 0:01:25] ( -> ...Qe2+)} 28. Ne3 Qd3+ 29. Kc1 Rxe3 {[%emt 0:03:31] Weighted Error Value: White=0.94/Black=0.27 (precise)} 0-1

[Event "31st MPL National U18G Chess-ch 2022"]
[Site "Pollachi"]
[Date "2022.04.18"]
[Round "2.2"]
[White "Bhagyashree Patil"]
[Black "Keerthana B"]
[Result "1-0"]
[ECO "B92"]
[WhiteElo "1974"]
[BlackElo "1311"]
[Annotator "TA"]
[PlyCount "111"]
[EventDate "2022.04.18"]
[EventCountry "IND"]
[SourceTitle "playchess.com"]
[Source "ChessBase"]
[SourceQuality "1"]
[TimeControl "5400+30"]

1. e4 c5 2. Nf3 d6 3. d4 cxd4 4. Nxd4 Nf6 5. Nc3 a6 6. Be2 e5 7. Nf3 Be7 8. O-O Nbd7 {[%emt 0:02:00] B92: Sicilian Najdorf: 6 Be2.} 9. a4 O-O {[%emt 0:00:00] [#]} 10. b3 $146 ({Predecessor:} 10. a5 Nc5 11. Re1 Qc7 12. Bg5 Nfxe4 13. Nxe4 Nxe4 14. Bxe7 Qxe7 15. Bxa6 Nxf2 16. Kxf2 Rxa6 17. b4 Rc6 18. Qd3 Be6 19. Rac1 Rfc8 20. c3 Bc4 21. Qf5 Be6 22. Qd3 Bc4 23. Qf5 Be6 24. Qd3 {½-½ (24) Vollmer,S (1711)-Hilton,S (1700) FICGS email 2020}) 10... Nc5 {[%emt 0:00:00] The position is equal.} 11. Nd2 b6 12. f3 d5 {[%emt 0:00:00] Inhibits Nc4.} 13. exd5 Nxd5 14. Nxd5 ({Don't play} 14. Nde4 Nxc3 15. Nxc3 Be6 $15) 14... Qxd5 15. Nc4 Qe6 16. Be3 (16. Bb2 $14) 16... Bb7 17. Qe1 Rfe8 18. Qf2 Bd5 $2 ({Black should play} 18... f5 $11) 19. Rfd1 ({White should try} 19. a5) 19... Rad8 20. a5 $1 Bxc4 21. Bxc4 Qc6 22. axb6 Qxb6 {[%emt 0:00:00] [#]} 23. Bxa6 $1 {[%emt 0:00:00][%mdl 512] This bishop pair is nice.} Rxd1+ (23... Qxa6 24. Bxc5) 24. Rxd1 Qxa6 25. Bxc5 Bxc5 26. Qxc5 $16 {[%emt 0:00:00][%mdl 4096] Endgame KQR-KQR} Qe2 27. Rf1 ({Better is} 27. Ra1 $16) 27... h6 28. Qf2 Qb5 29. Rd1 f5 30. Qe3 e4 31. f4 Rb8 32. h3 Rb6 33. Rd4 Kh7 34. Rc4 {[%emt 0:00:00] Prevents Qc5.} Rd6 35. Kh2 Rd5 $2 {[%emt 0:13:30] [#]} (35... Rd1 $14) 36. Rc7 $2 (36. Rxe4 $1 $18 {[%mdl 512] And now c4 would win.} Qc5 37. c4 $1 fxe4 38. Qxe4+ Rf5 39. b4) 36... Qf1 (36... Qa5 $16 37. Rc6 Qb4) 37. Qg3 Qa1 38. Rc6 $2 (38. c3 {mates} Qxc3 39. Qxc3 Rd7 40. Rxd7 Kg6 41. Qxg7+ Kh5 42. g4+ fxg4 43. Qxg4#) 38... g5 (38... Kh8 $142 39. Qg6 Rd8 40. Qxf5 e3) 39. fxg5 $18 {[%emt 0:00:00] White threatens g6+ and mate.} Qe5 {[%emt 0:00:00] White must now prevent ...f4.} 40. Qxe5 Rxe5 {[%emt 0:00:00] KR-KR} 41. g6+ (41. Rxh6+ $142 Kg7 42. Kg1) 41... Kg7 42. Kg1 ({Wrong is} 42. Kg3 $2 e3 43. Kf4 e2 $1 44. Kxe5 e1=Q+ 45. Kxf5 Qf1+ 46. Ke5 Qxg2 47. Rc7+ Kxg6 $19) 42... Rd5 (42... f4 $142 43. Kf1 Ra5) 43. Kf1 Rd2 (43... f4 $142 44. Re6 e3) 44. b4 Rd1+ 45. Ke2 Rb1 {[%emt 0:00:00] [#]} 46. c3 (46. g4 $1 $18 fxg4 47. hxg4 Rxb4 48. Ke3) 46... f4 {[%emt 0:00:00] [#]} (46... Rb2+ $16 {keeps fighting.} 47. Ke3 Rxg2) 47. Re6 $2 (47. Rc4 $1 $18 ) 47... Rb2+ $11 48. Kf1 e3 (48... Rb1+ $11 {and Black is okay.} 49. Kf2 Rb2+ 50. Ke1 Rb1+ 51. Ke2 Rb2+ 52. Kf1 Rb1+ 53. Kf2 Rb2+ 54. Kg1 Rb1+ 55. Kh2 e3) 49. h4 {[%emt 0:00:00] h5 is the strong threat.} h5 50. g3 $1 Rb1+ $2 (50... Rh2 51. b5 (51. gxf4 Rxh4 52. f5 Rf4+ 53. Ke2 Rxf5 $18) 51... fxg3 52. Rxe3 Rxh4) 51. Kg2 $18 {[%emt 0:00:00] White is clearly winning.} Rb2+ 52. Kh3 e2 {[%emt 0:00:00] ( -> ...f3)} 53. gxf4 {[%emt 0:00:00] Hoping for f5.} Rc2 54. f5 Rxc3+ 55. Kg2 Kh6 56. Re7 {[%emt 0:00:00] Weighted Error Value: White=0.48/Black=0.84} 1-0

[Event "31st MPL National U18G Chess-ch 2022"]
[Site "Pollachi"]
[Date "2022.04.18"]
[Round "2.3"]
[White "Sevitha Viju M"]
[Black "Kheerthi Ganta"]
[Result "1-0"]
[ECO "A11"]
[WhiteElo "1304"]
[BlackElo "2011"]
[Annotator "TA"]
[PlyCount "63"]
[EventDate "2022.04.18"]
[EventCountry "IND"]
[SourceTitle "playchess.com"]
[Source "ChessBase"]
[SourceQuality "1"]
[TimeControl "5400+30"]

1. Nf3 d5 2. g3 Nf6 3. Bg2 c6 4. c4 dxc4 5. Na3 b5 6. O-O {[%emt 0:01:56] A11: English Opening: 1...c6.} Bb7 7. b3 cxb3 8. Qxb3 {[%emt 0:00:11] Black is slightly better.} e6 9. d4 Be7 10. Bb2 (10. Nc4 $11 {remains equal.}) 10... O-O 11. Ne5 a6 12. Rac1 {[%emt 0:01:56] [#]} Nd5 $146 ({Predecessor:} 12... Qd6 13. Nd3 Ra7 14. Nc5 Ba8 15. e4 Qd8 16. Rfd1 Nbd7 17. Nc2 Nxc5 18. dxc5 Rd7 {0-1 (36) Lukac,J (2089)-Dovzik,J (2411) Slovakia 2000}) 13. e4 Nb6 14. Rfd1 Na4 15. Ba1 Qe8 {[%emt 0:03:31] [#]} 16. Nac4 $1 {[%emt 0:05:48] Black should prevent d5.} Nd7 (16... a5 17. Ne3) 17. Nxd7 (17. Na5 $5 Nxe5 18. Nxb7 $11) 17... Qxd7 18. Na5 {[%emt 0:01:55] d5 is the strong threat.} Qc7 (18... Rac8 $11) 19. Nxb7 $16 Qxb7 {[%emt 0:00:08] [#]} 20. d5 $1 Rac8 (20... Rad8 $16 21. Rxc6 (21. dxc6 Qc7 $14) 21... Rc8) 21. dxe6 $18 f6 (21... Qb6 22. e5 (22. Rd7 Rc7 $18) 22... c5) 22. Rd7 Rc7 23. e5 fxe5 {[%emt 0:02:56] [#]} 24. Rxc6 $1 Rxd7 (24... Rxc6 25. Rxb7) 25. exd7+ Kh8 26. Qe6 Qa7 27. Qxe5 {[%emt 0:01:12][%csl Ga1][%cal Re5g7] Active counter play!} Qxf2+ 28. Kh1 Qf7 29. Qe6 (29. Bd4 $142 Bd8 30. Rxa6) 29... Qh5 {[%emt 0:03:57] [#]} (29... Bd8 $18 30. Bd4 a5 31. Qxf7 Rxf7) 30. Bxg7+ $1 {[%emt 0:00:45][%mdl 512] White mates.} Kxg7 31. Qxe7+ Rf7 32. d8=Q {[%emt 0:00:12] Weighted Error Value: White=0.34/Black=1.13} 1-0

[Event "31st MPL National U18G Chess-ch 2022"]
[Site "Pollachi"]
[Date "2022.04.18"]
[Round "2.4"]
[White "Rindhiya V"]
[Black "Rosewe M"]
[Result "1-0"]
[ECO "C14"]
[WhiteElo "1949"]
[BlackElo "1293"]
[Annotator "TA"]
[PlyCount "83"]
[EventDate "2022.04.18"]
[EventCountry "IND"]
[SourceTitle "playchess.com"]
[Source "ChessBase"]
[SourceQuality "1"]
[TimeControl "5400+30"]

1. e4 e6 2. d4 d5 3. Nc3 Nf6 4. Bg5 Be7 5. e5 Nfd7 6. Bxe7 Qxe7 7. f4 a6 8. Nf3 c5 9. dxc5 Nc6 10. Bd3 Nxc5 11. O-O Nxd3 12. cxd3 O-O {[%emt 0:06:02] C14: French: Classical System: 4 Bg5 Be7 main line.} 13. d4 f6 (13... Bd7 $11) 14. Qd2 fxe5 {[%emt 0:04:55] The position is equal.} 15. fxe5 Bd7 {[%emt 0:03:11] [#]} 16. Rac1 $146 ({Predecessor:} 16. Na4 Nxe5 17. Nxe5 Bxa4 18. b3 Bb5 19. Rfe1 Rf5 20. Rac1 a5 21. a4 Ba6 22. Qxa5 {1-0 (33) Babiy,A-Shapoval,A (2304) Kiev 2004}) 16... Rac8 17. h3 b5 18. Ne2 Qb4 {[%emt 0:18:27][%cal Of8f3] [#] Strongly threatening ...Rxf3!} 19. Rc3 Qe7 20. Rfc1 Nb4 (20... a5 $14) 21. b3 (21. Rc7 $16) 21... Rxc3 $11 22. Rxc3 Rc8 {[%emt 0:02:10] Prevents Rc7.} (22... Nc6 $11) 23. Rxc8+ $1 $14 Bxc8 24. Nf4 Nc6 25. Nd3 a5 26. Nc5 (26. g4 $14) 26... h6 27. Qd3 b4 28. Qb5 Qc7 29. Kf2 Bd7 30. Nxd7 Qxd7 31. Ke3 Qc7 32. Qc5 Qd7 33. Ne1 Qe7 $2 {[%emt 0:01:30][%mdl 8192] [#]} 34. Qxc6 $18 Qg5+ 35. Kf2 Qh4+ 36. Kf1 Qxd4 37. Qxe6+ Kh8 38. Qc8+ Kh7 39. Qf5+ g6 40. Qf7+ {[%emt 0:00:25] White mates.} Kh8 41. e6 Qe4 42. e7 {[%emt 0:00:11] Weighted Error Value: White=0.16 (very precise) /Black=0.50} 1-0